 Dungeon Crawl Stone Soup version 0.29-a0-492-g10b964d8d7 (webtiles) character file.

Game seed: 3792650094753778503

292476 Bruhh the Black Belt (level 19, -4/170 HPs)
             Began as a Demigod Air Elementalist on May 27, 2022.
             Killed from afar by an ironbound frostheart (20 damage)
             ... by creeping frost
             ... on level 4 of the Vaults.
             The game lasted 01:57:15 (68095 turns).

Bruhh the Black Belt (Demigod Air Elementalist)    Turns: 68095, Time: 01:57:16

Health: -4/170     AC: 19    Str: 15    XL:     19   Next: 22%
Magic:  35/40      EV: 29    Int: 47    God:
Gold:   2790       SH:  5    Dex: 18    Spells: 2/42 levels left

rFire   . . .      SeeInvis .     - Unarmed
rCold   . . .      Faith    .   (shield currently unavailable)
rNeg    . . .      Spirit   .   (body armour currently unavailable)
rPois   ∞          Reflect  +   (helmet currently unavailable)
rElec   +          Harm     .   (cloak currently unavailable)
rCorr   .          Rampage  .   (gloves currently unavailable)
Will    +....                   (boots currently unavailable)
Stlth   ++........              Z - amulet of reflection
HPRegen 0.00/turn               i - ring "Juniparuph" {rPois Int+6 Dex+4}
MPRegen 0.27/turn               a - +6 ring of strength

@: storm-form, flying, inhibited regen
A: cleaving, flying, high MP 1, forlorn, divine attributes, (cold resistance 1),
(poison resistance), screaming 1, inhibited regeneration, (sturdy frame 1)
}: 2/15 runes: decaying, gossamer
a: Blinkbolt, End Transformation


You were on level 4 of the Vaults.
You were a lightning-filled tempest!
You visited 7 branches of the dungeon, and saw 36 of its levels.
You also visited: Bailey.

You collected 4218 gold pieces.
You spent 1428 gold pieces at shops.

Inventory:

Hand Weapons
 c - the +8 scythe "Jeapyuf" (melded) {vorpal, Fragile rC+++ rN++ Str-3}
   (You found it on level 2 of the Swamp)

   It inflicts extra damage upon your enemies.
   Str:       It affects your strength (-3).
   rC:        It renders you almost immune to cold.
   rN:        It greatly protects you from negative energy.
   Fragile:   It will be destroyed if unequipped.
 g - a +6 glaive of protection
Missiles
 A - a throwing net
Armour
 L - a +2 pair of boots (melded)
 M - a +2 robe of willpower (melded)
 T - a +2 cloak (melded)
Jewellery
 a - a +6 ring of strength (right fist)
 i - the ring "Juniparuph" (left fist) {rPois Int+6 Dex+4}
   (You found it on level 1 of the Vaults)

   [ring of intelligence]

   Int:       It affects your intelligence (+6).
   Dex:       It affects your dexterity (+4).
   rPois:     It protects you from poison.
 o - an amulet of magic regeneration
 x - a ring of see invisible
 D - a +6 ring of intelligence
 Z - an amulet of reflection (around neck)
Wands
 b - a wand of digging (7)
 d - a wand of iceblast (27)
 k - a wand of mindburst (24)
 v - a wand of charming (40)
 B - a wand of acid (12)
 R - a wand of paralysis (25)
 Y - a wand of flame (33)
Scrolls
 e - 2 scrolls of blinking
 h - 4 scrolls of amnesia
 j - 4 scrolls of immolation
 l - 4 scrolls of poison
 q - 4 scrolls of vulnerability
 s - 2 scrolls of silence
 u - 3 scrolls of magic mapping
 y - 3 scrolls of teleportation
 z - 7 scrolls of enchant armour
 C - 4 scrolls of fear
 E - 9 scrolls of fog
 H - 5 scrolls of enchant weapon
 J - 11 scrolls of identify
 X - 4 scrolls of torment
Potions
 f - 10 potions of haste
 m - 3 potions of brilliance
 n - 5 potions of invisibility
 p - 9 potions of lignification
 r - 6 potions of might
 t - 2 potions of cancellation
 F - 15 potions of curing
 G - 2 potions of attraction
 I - 7 potions of flight
 K - a potion of heal wounds
 P - 3 potions of ambrosia
 Q - 2 potions of resistance
 U - 2 potions of berserk rage
Miscellaneous
 w - a box of beasts
 O - a lightning rod (4/4)
 S - a tin of tremorstones (2/2)
 W - a condenser vane


   Skills:
 - Level 15.0 Fighting
 - Level 12.0 Dodging
 - Level 1.7 Stealth
 + Level 16.0 Unarmed Combat
 - Level 12.0 Spellcasting
 - Level 10.0 Conjurations
 - Level 10.0 Transmutations
 - Level 13.0 Air Magic
 - Level 8.0 Earth Magic
 - Level 6.0 Poison Magic


You had 2 spell levels left.
You knew the following spells:

 Your Spells              Type           Power      Damage    Failure   Level
a - Shock                 Conj/Air       100%       1d9       0%          1
b - Static Discharge      Conj/Air       94%        N/A       0%          2
c - Airstrike             Air            50%        N/A       1%          4
d - Swiftness             Air            100%       N/A       0%          3
e - Olgreb's Toxic Radia  Pois           71%        N/A       1%          4
f - Ignite Poison         Fire/Tmut/Pois 67%        N/A       1%          3
g - Borgnjor's Vile Clut  Necr/Erth      30%        N/A       4%          5
h - Irradiate             Conj/Tmut      44%        3d28      1%          5
i - Statue Form           Tmut/Erth      56%        N/A       3%          6
j - Storm Form            Tmut/Air       47%        N/A       7%          7

Your spell library contained the following spells:

 Spells                   Type           Power      Damage    Failure   Level
 Magic Dart               Conj           100%       1d8       0%          1
 Sting                    Tmut/Pois      100%       1d8       1%          1
 Call Imp                 Summ           28%        N/A       1%          2
 Ensorcelled Hibernation  Hex/Ice        56%        N/A       1%          2
 Passwall                 Tmut/Erth      70%        N/A       1%          2
 Poisonous Vapours        Pois/Air       100%       N/A       1%          2
 Sublimation of Blood     Necr           28%        N/A       1%          2
 Conjure Flame            Conj/Fire      66%        6-21      1%          3
 Mephitic Cloud           Conj/Pois/Air  87%        N/A       1%          3
 Hailstorm                Conj/Ice       66%        3d14      1%          4
 Ice Form                 Ice/Tmut       66%        N/A       1%          4
 Petrify                  Tmut/Erth      85%        N/A       1%          4
 Sticky Flame             Conj/Fire      66%        2d8       1%          4
 Summon Lightning Spire   Summ/Air       73%        N/A       1%          4
 Blade Hands              Tmut           44%        N/A       1%          5
 Silence                  Hex/Air        36%        N/A       1%          5
 Ozocubu's Armour         Ice            28%        N/A       2%          3
 Eringya's Noxious Bog    Tmut/Pois      40%        N/A       4%          6
 Animate Dead             Necr           28%        N/A       9%          4
 Dispel Undead            Necr           28%        3d13      9%          4
 Passage of Golubria      Tloc           28%        N/A       9%          4
 Metabolic Englaciation   Hex/Ice        14%        N/A       24%         5
 Death Channel            Necr           14%        N/A       80%         6
 Simulacrum               Ice/Necr       14%        N/A       80%         6
 Lehudib's Crystal Spear  Conj/Erth      42%        10d10     82%         8
 Enfeeble                 Hex            14%        N/A       100%        7
 Chain Lightning          Conj/Air       47%        3d62      100%        9
 Fire Storm               Conj/Fire      33%        8d8       100%        9
 Shatter                  Erth           40%        3d31*     100%        9


Dungeon Overview and Level Annotations

Branches:
Dungeon (15/15)            Temple (0/1) D:6            Lair (6/6) D:9
  Swamp (4/4) Lair:2       Spider (4/4) Lair:3        Slime (0/5) Lair:5
    Orc (2/2) D:10            Elf (1/3) Orc:2        Vaults (4/5) D:14
  Crypt (0/3) Vaults:3     Depths (0/4) D:15         Bailey (visited)

Shops:
D:6 :   D:7 :   D:8 (   D:9 (   D:10 [   D:11 (   Orc:2 ([(*   Vaults:1 :
Vaults:3 (

Portals:
Abyss: Lair:6

Annotations:
Lair:5 3 runed translucent doors, Heedrag's ghost, journeyman DsCj
Lair:6 2 transporters, Iidacon's ghost, journeyman DDFi
Vaults:2 exclusion: door


Innate Abilities, Weirdness & Mutations

You are a lightning-filled tempest!
Your electrical attacks strike out in all directions at once.
You are incredibly evasive.
You are flying.
Your armour is entirely melded.
You are incapable of wielding weapons or throwing items.
You have an increased reservoir of magic. (+10% MP)
You shall have no god before yourself.
Your divine heritage dramatically boosts your attributes as you level up.
((Your flesh is cold resistant. (rC+)))
((Your system is resistant to poisons. (rPois)))
You occasionally shout uncontrollably at your foes.
You do not regenerate when monsters are visible.
((Your movements are slightly less encumbered by armour. (ER -2)))


Message History

As you read the scroll of blinking, it crumbles to dust.
The vault warden activates a sealing rune.
The runic seal fades away.
The vault warden activates a sealing rune.
You open the door.
The vault warden activates a sealing rune.
The doors slam shut!
That door is sealed shut!
Casting: Storm Form (dangerous; 7% risk of failure)
Confirm with . or Enter, or press ? or * to list all spells.
You turn into a lightning-filled tempest!
The +8 scythe "Jeapyuf" {vorpal, Fragile rC+++ rN++ Str-3} melds into your body.
Your +2 cloak melds into your body.
Your +2 pair of boots melds into your body.
Your +2 robe of willpower melds into your body.
You feel less strong-willed. The vault warden closely misses you.
You blast the vault warden!!!
The vault warden is severely wounded.
The vault warden activates a sealing rune.
The vault warden blocks your attack.
The vault warden is severely wounded.
The vault warden misses you. The vault warden blocks your attack.
The vault warden is severely wounded.
The vault warden blocks your attack.
The vault warden is severely wounded.
The vault warden hits you with a +1 broad axe of distortion!!
Space warps horribly around you!
* * * LOW HITPOINT WARNING * * *
Unknown command.
The vault warden blocks your attack.
You punch the vault warden!
The vault warden is almost dead.
The vault warden hits you with a +1 broad axe of distortion!!
* * * LOW HITPOINT WARNING * * *
Space warps around you.
* * * LOW HITPOINT WARNING * * *
The ironbound frostheart calls freezing cold from the walls.
The frost grips you!!
You die...

###############################
...............................
...............................
..........................([...
..............vpp..p...........
########+#+####################
#.......# #..... #.......#
#..... #...[...# #.....
#.......# #..... #.......#
#..... #.......# #.....
#...<...# ######


You could see a vault warden, a vault guard and an ironbound frostheart.

Vanquished Creatures
  the Lernaean hydra (Swamp:4)
  The ghost of Corraure the Unseen, an adept FoFi of Okawaru (Vaults:1)
  A tentacled monstrosity (Vaults:3)
  Jorgrun (D:15)
  A sphinx (Vaults:3)
  A thorn hunter (Swamp:4)
  Roxanne (Swamp:1)
  A fire giant (D:15)
  5 emperor scorpions
  A deep elf sorcerer (Elf:1)
  9 vault wardens
  Aizul (Vaults:3)
  4 ghost moths
  3 war gargoyles (Vaults:3)
  10 ironbound thunderhulks
  3 broodmothers
  9 ironbound preservers
  A vampire knight (Vaults:3)
  Azrael (Spider:2)
  7 eleionomae
  A bunyip (Swamp:3)
  2 entropy weavers (Spider:2)
  6 spark wasps
  4 dire elephants (Vaults:1)
  A deep elf death mage (Elf:1)
  Snorg (Lair:5)
  6 yaktaur captains
  18 hydras
  An ettin (Vaults:1)
  The ghost of Sar the Thaumaturge, a journeyman NaNe of Jiyva (D:11)
  4 great orbs of eyes
  6 boulder beetles
  3 radroaches (Spider:3)
  10 ironbound frosthearts
  An ogre mage (D:15)
  8 vault guards
  2 jorogumos (Spider:3)
  A peacekeeper (Vaults:3)
  3 ghost crabs
  23 centaur warriors
  4 catoblepae
  2 dancing weapons
  6 two-headed ogres
  13 alligators
  A death knight (D:13)
  6 tengu warriors
  10 death yaks
  An orc high priest (Orc:2)
  Sonja (D:13)
  3 deep elf knights (Elf:1)
  2 vampire magi (Vaults:3)
  3 sun moths (Spider:4)
  4 pharaoh ants
  9 orb spiders
  6 goliath frogs
  22 deep trolls
  A glowing orange brain (Vaults:1)
  6 steelbarb worms
  13 skeletal warriors (D:15)
  A spriggan druid (Swamp:3)
  3 deep elf archers (Elf:1)
  9 wizards
  11 bog bodies
  12 orc knights
  12 deep elf zephyrmancers
  2 phantasmal warriors (Vaults:3)
  9 lindwurms
  13 ironbound convokers
  8 swamp dragons
  5 orc sorcerers
  14 deep elf pyromancers
  24 wolf spiders
  9 manticores
  13 ugly things
  28 slime creatures
  2 moths of wrath
  4 cyclopes
  6 elephants (Lair:3)
  4 will-o-the-wisps
  Joseph (D:8)
  2 black mambas (Lair:1)
  2 centaur zombies (D:11)
  10 vault sentinels
  A molten gargoyle (D:12)
  5 torpor snails
  Psyche (D:9)
  9 cane toads
  2 gargoyles
  23 yaktaurs
  7 demonic crawlers
  3 tengu conjurers
  2 rime drakes
  5 komodo dragons
  An unseen horror (shapeshifter) (D:9)
  A yaktaur (shapeshifter) (D:14)
  A meliai (shapeshifter) (Elf:1)
  9 hornets
  3 polar bears (Lair:2)
  6 trolls
  4 bloated husks
  31 tarantellas
  7 tyrant leeches
  5 blink frogs (Lair:4)
  A water elemental (Elf:1)
  25 jumping spiders
  2 wraiths
  14 culicivoras
  4 fire elementals
  2 shadows
  2 spriggans (Swamp:1)
  40 yaks
  8 basilisks
  A wyvern (Lair:6)
  A golden eye (shapeshifter) (D:15)
  2 steam dragons
  46 redbacks
  15 swamp worms
  8 vampire mosquitoes
  14 wargs
  2 acid dragons
  15 water moccasins
  2 hell hounds
  39 orc warriors
  3 ice beasts
  8 swamp drakes
  A sky beast (shapeshifter) (D:15)
  5 black bears
  6 ogres
  18 wolves
  12 centaurs
  A phantom (D:7)
  A kobold brigand (D:8)
  14 bullfrogs
  4 scorpions
  A gnoll sergeant (D:12)
  3 earth elementals
  2 necrophages
  12 wights
  14 killer bees
  7 howler monkeys
  An electric eel (Lair:1)
  2 hounds
  4 lava snakes (D:12)
  5 jellies
  11 orc priests
  A gnoll shaman (D:5)
  5 iguanas
  11 orc wizards
  5 hell rats (Lair:6)
  11 gnolls
  6 adders
  3 white imps
  An ufetubus (D:7)
  3 worms
  2 dart slugs
  84 orcs
  6 ball pythons
  9 bats
  8 endoplasms
  4 giant cockroaches
  6 goblins
  7 hobgoblins
  5 quokkas
  2 frilled lizards (D:1)
  9 kobolds
  5 rats
  A briar patch (Swamp:4)
  A fire vortex (D:12)
1180 creatures vanquished.

Vanquished Creatures (collateral kills)
  A rakshasa (D:12)
  2 hydras
  A catoblepas (Lair:6)
  2 two-headed ogres (D:11)
  A centaur warrior (D:12)
  2 death yaks (Lair:6)
  A swamp dragon (Swamp:4)
  An ugly thing (D:12)
  An elephant (Lair:3)
  3 yaks (Lair:6)
  An acid dragon (D:12)
  A water moccasin (Lair:3)
  2 killer bees (D:10)
  An iguana (Lair:2)
20 creatures vanquished.

Vanquished Creatures (others)
  A goliath frog (Swamp:3)
  A bloated husk (Swamp:3)
  A vampire mosquito (Swamp:3)
  A bush (Lair:3)
  22 foxfires
  25 fungi
  46 plants
  5 withered plants (D:10)
102 creatures vanquished.

Grand Total: 1302 creatures vanquished

Notes
Turn   | Place    | Note
-------+----------+-------------------------------------------
     0 | D:1      | Bruhh the Demigod Air Elementalist began the quest for the
                  | Orb.
     0 | D:1      | Reached XP level 1. HP: 14/14 MP: 5/5
    42 | D:1      | Reached skill level 1 in Conjurations
   246 | D:1      | Reached XP level 2. HP: 9/20 MP: 1/7
  1010 | D:1      | Reached XP level 3. HP: 26/26 MP: 6/9
  1256 | D:2      | Learned a level 2 spell: Static Discharge
  2211 | D:3      | Reached XP level 4. HP: 7/33 MP: 1/11
  3514 | D:4      | Reached XP level 5. HP: 28/38 MP: 0/13
  4795 | D:5      | Entered Level 5 of the Dungeon
  4795 | D:5      | Noticed a black bear
  4802 | D:4      | Killed a black bear
  4803 | D:4      | Reached XP level 6. HP: 22/45 MP: 4/15
  5529 | D:5      | Reached skill level 5 in Air Magic
  5529 | D:5      | Reached XP level 7. HP: 50/50 MP: 9/16
  6257 | D:6      | Found a staircase to the Ecumenical Temple.
  6637 | D:6      | Learned a level 4 spell: Airstrike
  6673 | D:5      | Reached skill level 5 in Spellcasting
  7311 | D:6      | Found Giguusia's Book Shoppe.
  7318 | D:6      | Reached XP level 8. HP: 57/57 MP: 13/19
  7322 | D:6      | Learned a level 3 spell: Swiftness
  7372 | D:6      | Got the Collected Works on Evil Poison
  7721 | D:7      | Found Zyanem's Book Boutique.
  7757 | D:7      | Bought a Young Poisoner's Handbook for 280 gold pieces
  7840 | D:7      | Reached skill level 1 in Poison Magic
  8517 | D:6      | Learned a level 4 spell: Olgreb's Toxic Radiance
  8615 | D:7      | Gained mutation: Your movements are slightly less
                  | encumbered by armour. (ER -2) [potion of mutation]
  8615 | D:7      | Gained mutation: You are agile. (Dex +2) [potion of
                  | mutation]
  8615 | D:7      | Gained mutation: You have a pair of small horns on your
                  | head. [potion of mutation]
  8622 | D:7      | Reached skill level 5 in Poison Magic
  8993 | D:7      | Reached XP level 9. HP: 41/62 MP: 12/20
  9431 | D:8      | Noticed Joseph
  9438 | D:8      | Killed Joseph
  9799 | D:8      | Found Myewe's Antique Weapon Shop.
 10457 | D:8      | Reached skill level 5 in Fighting
 11583 | D:9      | Found Danil's Antique Weapon Shop.
 11611 | D:9      | Found a flagged portal.
 11621 | Bailey   | Entered a bailey
 11848 | Bailey   | Noticed an orc knight
 11860 | Bailey   | Killed an orc knight
 11861 | Bailey   | Reached XP level 10. HP: 56/86 MP: 3/22
 12068 | Bailey   | Found a large runed translucent door.
 12068 | Bailey   | Found a large runed translucent door.
 12069 | Bailey   | Noticed a deep elf zephyrmancer
 12356 | Bailey   | Killed a deep elf zephyrmancer
 13176 | D:9      | Noticed Psyche
 13188 | D:9      | Killed Psyche
 13471 | D:9      | Found a staircase to the Lair.
 13696 | D:9      | Noticed a two-headed ogre
 13706 | D:9      | Noticed a centaur warrior
 13952 | D:9      | Killed a two-headed ogre
 13953 | D:9      | Reached skill level 10 in Fighting
 14361 | D:9      | Noticed a two-headed ogre
 14372 | D:9      | Killed a two-headed ogre
 14551 | D:9      | Noticed a tengu warrior
 14558 | D:9      | Killed a tengu warrior
 14559 | D:9      | Reached XP level 11. HP: 99/99 MP: 5/25
 14882 | D:9      | Noticed a centaur warrior
 14887 | D:9      | Killed a centaur warrior
 15154 | Lair:1   | Entered Level 1 of the Lair of Beasts
 15161 | D:9      | Learned a level 3 spell: Ignite Poison
 15960 | Lair:1   | Reached skill level 5 in Dodging
 16526 | Lair:1   | Noticed a seven-headed hydra
 16531 | Lair:1   | Killed a seven-headed hydra
 17926 | D:6      | Bought the Handbook of Enchanting Flight for 644 gold
                  | pieces
 18130 | Lair:2   | Reached XP level 12. HP: 106/106 MP: 15/28
 18757 | Lair:2   | Noticed a four-headed hydra
 18816 | Lair:1   | Learned a level 4 spell: Summon Lightning Spire
 18992 | Lair:2   | Noticed a six-headed hydra
 18997 | Lair:2   | Killed a six-headed hydra
 19153 | Lair:2   | Found a staircase to the Swamp.
 19405 | Lair:3   | Reached skill level 10 in Air Magic
 19804 | Lair:3   | Noticed a five-headed hydra
 19893 | Lair:3   | Noticed a boulder beetle
 20075 | Lair:3   | Killed a boulder beetle
 20298 | Lair:3   | Killed a five-headed hydra
 20447 | Lair:3   | Found a hole to the Spider Nest.
 21347 | Lair:4   | Reached XP level 13. HP: 113/113 MP: 10/29
 22529 | Lair:5   | Found a staircase to the Slime Pits.
 22662 | Lair:5   | Found a runed translucent gate.
 22662 | Lair:5   | Found a runed translucent gate.
 22662 | Lair:5   | Found a runed translucent gate.
 22683 | Lair:5   | Noticed Heedrag's ghost (journeyman DsCj)
 22745 | Lair:5   | Noticed Snorg
 22752 | Lair:5   | Killed Snorg
 23497 | Lair:6   | Entered Level 6 of the Lair of Beasts
 23840 | Lair:6   | Found a transporter.
 23946 | Lair:6   | Found a one-way gate to the infinite horrors of the Abyss.
 23946 | Lair:6   | Noticed Iidacon's ghost (journeyman DDFi)
 24357 | Lair:6   | Found a transporter.
 25118 | Lair:6   | Reached skill level 10 in Spellcasting
 25528 | Lair:6   | Reached skill level 5 in Conjurations
 26324 | D:10     | Entered Level 10 of the Dungeon
 26617 | D:10     | Learned a level 5 spell: Irradiate
 26781 | D:10     | Found a staircase to the Orcish Mines.
 26819 | D:10     | Found Bomicyu's Armour Shoppe.
 26914 | D:10     | Reached skill level 1 in Transmutations
 27594 | D:11     | Found a runed translucent door.
 27594 | D:11     | Noticed Sar's ghost (journeyman NaNe)
 28142 | D:11     | Identified the +1 spear "Hoxzaiv" {elec, +Blink}
 28230 | D:11     | Found Ziygeb's Weapon Shoppe.
 29193 | D:12     | Reached skill level 5 in Transmutations
 29959 | D:12     | Reached XP level 14. HP: 85/121 MP: 8/32
 30655 | D:7      | Bought a book of Sloth for 504 gold pieces
 30664 | D:7      | Learned a level 6 spell: Statue Form
 31134 | D:13     | Reached skill level 1 in Earth Magic
 31650 | Orc:1    | Entered Level 1 of the Orcish Mines
 32190 | Orc:2    | Entered Level 2 of the Orcish Mines
 32274 | Orc:2    | Found Teonk's Antique Weapon Shoppe.
 32452 | Orc:2    | Found Dekkuekh's General Store.
 33691 | Orc:2    | Found a staircase to the Elven Halls.
 34035 | Orc:2    | Reached skill level 5 in Earth Magic
 34142 | Orc:2    | Found Keruned's Antique Weapon Shoppe.
 34142 | Orc:2    | Found Ilysam's Antique Armour Boutique.
 34849 | Swamp:1  | Entered Level 1 of the Swamp
 35310 | Swamp:1  | Gained mutation: Armour fits poorly on your strangely
                  | shaped body. [mutagenic glow]
 35709 | Swamp:1  | Identified the +5 glaive "Josyte" {speed, rElec}
 36121 | Swamp:1  | Identified Roxanne's Compendium of Shape Shifting
 36121 | Swamp:1  | Noticed Roxanne
 36322 | Swamp:1  | Lost mutation: You are agile. (Dex +2) [mutagenic glow]
 36323 | Swamp:1  | Killed Roxanne
 36784 | Swamp:1  | Lost mutation: Armour fits poorly on your strangely shaped
                  | body. [potion of mutation]
 36784 | Swamp:1  | Lost mutation: You have a pair of small horns on your head.
                  | [potion of mutation]
 36784 | Swamp:1  | Gained mutation: Your system is resistant to poisons.
                  | (rPois) [potion of mutation]
 36784 | Swamp:1  | Gained mutation: You are partially covered in iridescent
                  | scales. (AC +2) [potion of mutation]
 36784 | Swamp:1  | Gained mutation: You do not regenerate when monsters are
                  | visible. [potion of mutation]
 36784 | Swamp:1  | Gained mutation: You are agile. (Dex +2) [potion of
                  | mutation]
 37257 | Swamp:2  | Reached skill level 10 in Transmutations
 37264 | Swamp:2  | Learned a level 5 spell: Borgnjor's Vile Clutch
 37497 | Swamp:2  | Identified the +1 war axe of Resourcefulness {vamp, Str+4
                  | SInv}
 37515 | Swamp:2  | Identified the +8 scythe "Jeapyuf" {vorpal, Fragile rC+++
                  | rN++ Str-3}
 38485 | Swamp:3  | Reached XP level 15. HP: 126/126 MP: 7/33
 39750 | Swamp:4  | Entered Level 4 of the Swamp
 40363 | Swamp:3  | Gained mutation: You occasionally shout uncontrollably at
                  | your foes. [mutagenic glow]
 41576 | Swamp:4  | Gained mutation: Your flesh is cold resistant. (rC+)
                  | [mutagenic glow]
 41826 | Swamp:4  | Noticed the 27-headed Lernaean hydra
 41842 | Swamp:4  | Killed the 27-headed Lernaean hydra
 41958 | Swamp:4  | Got a decaying rune of Zot
 42692 | Swamp:4  | Noticed a thorn hunter
 42699 | Swamp:4  | Killed a thorn hunter
 43197 | Spider:1 | Entered Level 1 of the Spider Nest
 44780 | Spider:2 | Noticed Azrael
 44785 | Spider:1 | Reached XP level 16. HP: 147/147 MP: 8/35
 44890 | Spider:2 | Killed Azrael
 44906 | Spider:2 | Reached skill level 15 in Fighting
 45926 | Spider:3 | Reached skill level 10 in Dodging
 50319 | Spider:4 | Entered Level 4 of the Spider Nest
 51191 | Spider:4 | Got Efabluck's Reference Book on Nocuous Lightness
 53706 | Spider:4 | Reached XP level 17. HP: 156/156 MP: 21/38
 54098 | Spider:4 | Got a gossamer rune of Zot
 54344 | D:11     | Killed Sar's ghost
 54916 | D:13     | Gained mutation: You are weak. (Str -2) [mutagenic glow]
 55133 | Elf:1    | Entered Level 1 of the Elven Halls
 56547 | Elf:1    | Reached skill level 10 in Conjurations
 56549 | Elf:1    | Identified the +7 flail "Demonslayer" {freeze, *Rage rElec
                  | rC++ Str+2}
 56561 | Elf:1    | Learned a level 7 spell: Storm Form
 57387 | D:13     | Noticed Sonja
 57395 | D:13     | Killed Sonja
 57396 | D:13     | Reached skill level 1 in Unarmed Combat
 57778 | D:13     | Lost mutation: You are agile. (Dex +2) [potion of mutation]
 57778 | D:13     | Lost mutation: You are partially covered in iridescent
                  | scales. (AC +2) [potion of mutation]
 57778 | D:13     | Lost mutation: You are weak. (Str -2) [potion of mutation]
 57818 | D:14     | Reached skill level 2 in Unarmed Combat
 57938 | D:14     | Reached skill level 3 in Unarmed Combat
 58269 | D:14     | Reached skill level 4 in Unarmed Combat
 58556 | D:14     | Found a gate to the Vaults.
 58609 | D:15     | Entered Level 15 of the Dungeon
 58693 | D:15     | Found a staircase to the Depths.
 58698 | D:15     | Reached skill level 5 in Unarmed Combat
 58958 | D:15     | Reached skill level 6 in Unarmed Combat
 59549 | D:15     | Reached skill level 7 in Unarmed Combat
 60090 | D:15     | Noticed Jorgrun
 60101 | D:15     | Killed Jorgrun
 60301 | Vaults:1 | Entered Level 1 of the Vaults
 60345 | Vaults:1 | Reached skill level 8 in Unarmed Combat
 60405 | Vaults:1 | Found Midis's Book Boutique.
 60420 | Vaults:1 | Identified the +5 falchion of Telex {flame, rCorr Str+2
                  | Int-4}
 60636 | Vaults:1 | Reached skill level 9 in Unarmed Combat
 60857 | Vaults:1 | Identified the ring "Juniparuph" {rPois Int+6 Dex+4}
 60952 | Vaults:1 | Reached XP level 18. HP: 125/163 MP: 21/39
 60952 | Vaults:1 | Identified the +2 fustibalus of Jetuaph {flame, Int+2}
 60957 | Vaults:1 | Reached skill level 10 in Unarmed Combat
 62133 | Vaults:1 | Found a runed translucent door.
 62133 | Vaults:1 | Noticed Corraure's ghost (adept FoFi)
 62141 | Vaults:1 | Reached skill level 11 in Unarmed Combat
 62155 | Vaults:1 | Killed Corraure's ghost
 63277 | Vaults:2 | HP: 1/163 [ironbound frostheart (27)]
 63315 | Vaults:2 | HP: 4/163 [large slime creature (10)]
 63318 | Vaults:2 | Reached skill level 12 in Unarmed Combat
 64652 | Vaults:2 | Reached skill level 13 in Unarmed Combat
 65473 | Vaults:3 | Reached skill level 14 in Unarmed Combat
 65833 | Vaults:3 | Noticed a tentacled monstrosity
 66128 | Vaults:3 | Killed a tentacled monstrosity
 66491 | Vaults:3 | Reached skill level 15 in Unarmed Combat
 66493 | Vaults:3 | Reached XP level 19. HP: 119/170 MP: 35/40
 66957 | Vaults:3 | Noticed Aizul
 66967 | Vaults:3 | Killed Aizul
 67242 | Vaults:3 | Found Gaunugiu's Antique Weapon Emporium.
 67627 | Vaults:3 | Found a staircase to the Crypt.
 68035 | Vaults:4 | Reached skill level 16 in Unarmed Combat
 68095 | Vaults:4 | Killed from afar by an ironbound frostheart

Illustrated notes

Levels and vault maps discovered:
D:1:      beargit_arrival_greenhouse, layout_basic,
          shapermc_ecumenical_altar_venn, minmay_pentomino_o4
D:2:      layout_loops_ring
D:3:      layout_loops_corners, kennysheep_big_empty_room, corexii_corridor_pit
D:4:      layout_layer_cave, grunt_dithmenos_smoke_and_mirrors
D:5:      minmay_skewed_foursquare, layout_loops_ring
D:6:      layout_rooms, grunt_qazlal_clouds, minmay_temple_entry_wispy,
          serial_shops, nicolae_shop_advertising_works
          [nicolae_subvault_shop_adworks]
D:7:      layout_rooms, serial_shops, nicolae_stop_n_shop_1,
          minmay_misc_feat_roman
D:8:      layout_basic, serial_shops, nicolae_shop_behind_doors,
          serial_co_window_serial, co_window_paths_a, co_window_paths_a,
          co_window_cross_1, co_window_cross_1, co_window_paths_b,
          co_window_paths_a, co_window_paths_c, co_window_broadway_b,
          co_window_paths_c, co_window_2corner, co_window_paths_d,
          glass_columns_a, minmay_holes, uniq_joseph
D:9:      layout_roguey, nicolae_wu_jian_immortal_techniques,
          mainiacjoe_overflow_small_starburst, erik_lair_orcish_takeover,
          serial_shops, shop, enter_bailey_2, minmay_pinched_square, uniq_psyche
D:10:     layout_roguey, grunt_temple_overflow_growth_and_decay, trog_book,
          minmay_orc_entry_guard_dogs, serial_shops, shop
D:11:     layout_gridville, ebering_ghost_xom, serial_shops,
          nicolae_take_the_stairs, lemuel_zombie_altar_yredelemnul
D:12:     layout_rooms, small_chamber_with_monster, kennysheep_cluttered_room
D:13:     layout_stronghold, uniq_sonja
D:14:     layout_big_octagon, lightli_vaults_fourway_checkpoint,
          kennysheep_minor_cross, chequers_serial_rivers_marsh
D:15:     grunt_enter_depths_giant_problem, layout_basic, uniq_jorgrun
Lair:1:   layout_cave_shapes, serial_bayou_shore_b, grunt_megastairs_2,
          infiniplex_staircase_pool
Lair:2:   layout_long_grid, palyth_hydra_swamp_entry, cheibrodos_lair_lostbears
Lair:3:   dreamdust_cave_troll, layout_misc_corridors, dummy_spider_entry,
          serial_bayou_shore_b
Lair:4:   layout_misc_corridors
Lair:5:   layout_cave_pods, nicolae_slime_entry_slimehenge, gammafunk_ghost_icy,
          uniq_snorg
Lair:6:   evilmike_catoblepas_cave, layout_concentric_octagons,
          gammafunk_ghost_abyssal_escape
Swamp:1:  layout_basic_swamp, evilmike_swamp_ruin_house_3, uniq_roxanne
Swamp:2:  layout_basic_swamp, evilmike_swamp_ruin_house_4, swamp_pool4
Swamp:3:  layout_falls_marsh, evilmike_swamp_ruin_rubble_1,
          nzn_swamp_blast_mining
Swamp:4:  grunt_swamp_rune_castle, layout_basic_swamp
Spider:1: layout_spider_delve
Spider:2: layout_spider_delve, uniq_azrael
Spider:3: nicolae_spider_hilbert_zone_2 [nicolae_spider_hilbert_4_sides_1_open,
          nicolae_spider_hilbert_4_sides_1_open,
          nicolae_spider_hilbert_4_sides_1_open,
          nicolae_spider_hilbert_4_sides_1_open,
          nicolae_spider_hilbert_6_sides_1_open,
          nicolae_spider_hilbert_6_sides_1_open,
          nicolae_spider_hilbert_3_sides_1_open,
          nicolae_spider_hilbert_3_sides_1_open,
          nicolae_spider_hilbert_3_sides_1_open,
          nicolae_spider_hilbert_3_sides_1_open,
          nicolae_spider_hilbert_6_sides_1_open,
          nicolae_spider_hilbert_6_sides_1_open,
          nicolae_spider_hilbert_6_sides_1_open,
          nicolae_spider_hilbert_6_sides_1_open], nicolae_spider_cling_halls
Spider:4: spider_rune_water
Orc:1:    layout_diamond_mine
Orc:2:    st_orc_town, layout_caves
Elf:1:    eino_elf_arrival_the_gate, layout_rooms, minmay_elf_sorcery
Vaults:1: ebering_ghost_inner_flame, hangedman_vaults_locks,
          vaults_room_ringed_pool, vaults_dpeg_spiral, ontoclasm_vaults_spin,
          hangedman_vaults_impose, hangedman_vaults_unwind,
          ontoclasm_vaults_gateway, layout_vaults_chaotic_city, serial_shops,
          shop_fountains
Vaults:2: v_alt_pattern_3, v_misc_10, vaults_dpeg_hooks, v_misc_23, v_pattern_2,
          nicolae_vaults_asterisk, nicolae_vaults_specimen_jars,
          nicolae_vaults_network_barrier, v_alt_pattern_2,
          nicolae_vaults_shelves_hall, vaults_room_grid,
          ontoclasm_vaults_ligature, nicolae_vaults_network_s, v_misc_14,
          layout_vaults_omnibox
Vaults:3: ontoclasm_vaults_misaligned, st_eye, nicolae_vaults_mini_display_case,
          nicolae_vaults_diagonal_hallway_8, v_alt_pattern_5,
          nicolae_vaults_network_quincunx
          [nicolae_vaults_network_quincunx_subvault,
          nicolae_vaults_network_quincunx_subvault,
          nicolae_vaults_network_quincunx_subvault,
          nicolae_vaults_network_quincunx_subvault,
          nicolae_vaults_network_quincunx_subvault], vaults_room_fours,
          v_misc_23, vaults_room_fancy_cross, ontoclasm_vaults_chip,
          nicolae_vaults_ring_of_whatevers, grunt_vaults_diagonal,
          minmay_crypt_entry_simple_sparse, v_rooms_5,
          layout_vaults_maze_snakey, serial_shops, nicolae_shop_hallway_plus,
          uniq_aizul
Vaults:4: nicolae_vaults_windows_and_doors_thing, nicolae_vaults_circle_grid_a,
          vaults_mumra_chevron, vaults_dpeg_cross, ontoclasm_vaults_eye,
          v_misc_11, v_misc_8, nicolae_vaults_diagonal_hallway_6,
          nicolae_vaults_theta, nicolae_vaults_alarming, layout_vaults_omnigrid,
          serial_shops, nicolae_shop_trees, uniq_xtahua

Skill      XL: |  1  2  3  4  5  6  7  8  9 10 11 12 13 14 15 16 17 18 19 |
---------------+----------------------------------------------------------+-----
Conjurations   | 1 2 3 4 6 10 | 10.0
Spellcasting   | 2 3 4 5 6 7 8 10 12 | 12.0
Air Magic      | 3 5 7 8 12 13 | 13.0
Poison Magic   | 6 |  6.0
Fighting       | 7 10 14 15 | 15.0
Dodging        | 8 9 12 | 12.0
Transmutations | 6 10 | 10.0
Earth Magic    | 7 8 |  8.0
Unarmed Combat | 9 15 16 | 16.0
Stealth        | |  1.7

Action                   |  1- 3 |  4- 6 |  7- 9 | 10-12 | 13-15 | 16-18 | 19-21 || total
-------------------------+-------+-------+-------+-------+-------+-------+-------++-------
Melee: Unarmed           |    13 |       |       |       |       |   451 |    77 ||   541
       Spear             |    24 |     1 |       |     8 |    57 |       |       ||    90
       Long sword        |       |       |    15 |       |       |       |       ||    15
       Headbutt          |       |       |     3 |     9 |    50 |       |       ||    62
       Halberd           |       |       |       |    43 |    13 |       |       ||    56
       Glaive            |       |       |       |       |   105 |       |       ||   105
       Punch             |       |       |       |       |     1 |    44 |    10 ||    55
       Great sword       |       |       |       |       |   116 |       |       ||   116
       Scythe            |       |       |       |       |   129 |   136 |     2 ||   267
 Cast: Shock             |    80 |   107 |   239 |    62 |       |       |       ||   488
       Static Discharge  |     4 |    25 |    26 |     8 |       |       |       ||    63
       Airstrike         |       |       |    27 |   160 |   328 |   148 |       ||   663
       Swiftness         |       |       |     3 |       |     2 |       |       ||     5
       Olgreb's Toxic Ra |       |       |    12 |    52 |    66 |   140 |       ||   270
       Ignite Poison     |       |       |       |    21 |    32 |    60 |       ||   113
       Summon Lightning  |       |       |       |     4 |    27 |       |       ||    31
       Irradiate         |       |       |       |       |   107 |    54 |     3 ||   164
       Statue Form       |       |       |       |       |    61 |    47 |       ||   108
       Borgnjor's Vile C |       |       |       |       |    15 |    20 |       ||    35
       Storm Form        |       |       |       |       |       |    45 |     7 ||    52
Evoke: Wand              |       |       |     4 |     1 |       |    13 |       ||    18
       Box of beasts     |       |       |       |       |     1 |       |       ||     1
       Lightning rod     |       |       |       |       |       |     4 |       ||     4
  Use: Potion            |       |     2 |     5 |     1 |     7 |    19 |       ||    34
       Scroll            |       |    11 |     3 |     7 |    13 |    14 |     2 ||    50
 Stab: Distracted        |       |       |       |       |     2 |       |       ||     2
       Sleeping          |       |       |       |       |     3 |       |       ||     3
       Paralysed         |       |       |       |       |       |     3 |       ||     3
       Invisible         |       |       |       |       |       |     2 |       ||     2
Armor: Robe              |     6 |    10 |    19 |    14 |    43 |    33 |     1 ||   126
       Skin              |       |       |       |       |   524 |   401 |    10 ||   935
Dodge: Dodged            |    35 |    33 |    61 |    77 |   921 |  1040 |    58 ||  2225
Block: Other             |       |       |       |       |   220 |   187 |     6 ||   413
       Buckler           |       |       |       |       |    17 |       |       ||    17
       Reflection        |       |       |       |       |     3 |    11 |     1 ||    15

Table legend: (Time is in decaauts)
 A = Elapsed time spent in this place.
 B = Non-inter-level travel time spent in this place.
 C = Inter-level travel time spent in this place.
 D = Time resting spent in this place.
 E = Time spent auto-exploring this place.
 F = Levels seen in this place.
 G = Mean time per level.
                   A        B        C        D        E       F      G
               +--------+--------+--------+--------+--------+-----+--------+
         Total |  71693 |  68197 |   3496 |   8896 |  49980 |  37 | 1937.6 |
       Dungeon |  24361 |  22654 |   1707 |   1810 |  18052 |  15 | 1624.1 |
          Lair |  11707 |  10723 |    984 |    498 |   9218 |   6 | 1951.2 |
         Swamp |   9292 |   9072 |    220 |   1482 |   6142 |   4 | 2323.0 |
   Spider Nest |  12385 |  12098 |    287 |   3081 |   7521 |   4 | 3096.2 |
  Orcish Mines |   4166 |   3950 |    216 |    782 |   2459 |   2 | 2083.0 |
   Elven Halls |   1115 |   1091 |     24 |    141 |    592 |   1 | 1115.0 |
        Vaults |   7778 |   7724 |     54 |   1101 |   5337 |   4 | 1944.5 |
        Bailey |    885 |    885 |      0 |      0 |    656 |   1 |  885.0 |
               +--------+--------+--------+--------+--------+-----+--------+

Top non-repeatable levels by time:
Spider:4: 3750 daAuts
Spider:3: 3634 daAuts
 Swamp:3: 3232 daAuts
   Orc:2: 3141 daAuts
Spider:2: 2996 daAuts
Vaults:2: 2963 daAuts
     D:9: 2709 daAuts
     D:8: 2523 daAuts
  Lair:6: 2492 daAuts
  Lair:2: 2409 daAuts
Vaults:1: 2397 daAuts
Vaults:3: 2259 daAuts
 Swamp:1: 2236 daAuts
  Lair:1: 2234 daAuts
 Swamp:4: 2208 daAuts
